 Dungeon Crawl Stone Soup version 0.31-a0-236-g9a0961fb85 (webtiles) character file.

Game seed: 18195508384987701220

49 qw the Shooter (level 3, -2/21 HPs)
             Began as a Gargoyle Hexslinger on July 10, 2023.
             Slain by Terence
             ... wielding a +6 flail of draining
              (6 damage)
             ... on level 2 of the Dungeon.
             The game lasted 00:00:29 (822 turns).

qw the Shooter (Gargoyle Hexslinger)                 Turns: 822, Time: 00:00:30

Health: -2/21      AC:  5    Str: 11    XL:     3   Next: 75%
Magic:  4/4        EV: 12    Int: 13    God:
Gold:   31         SH:  0    Dex: 14    Spells: 3/4 levels left

rFire   . . .        Y - +2 sling
rCold   . . .        (no shield)
rNeg    + . .        c - +0 robe
rPois   inf          (no helmet)
rElec   +            (no cloak)
rCorr   .            (no gloves)
SInv    .            (no boots)
Will    .....        e - amulet of the acrobat
Stlth   +            (no ring)
HPRegen 0.23/turn    (no ring)
MPRegen 0.09/turn

%: acrobat
@: no status effects
A: sickness immunity, AC +3, negative energy resistance 1, electricity
resistance, torment resistance 1, petrification resistance
a: no special abilities


You were on level 2 of the Dungeon.
You visited 1 branch of the dungeon, and saw 2 of its levels.

You collected 31 gold pieces.


Innate Abilities, Weirdness & Mutations

You are immune to sickness and miasma.
Your stone body is resilient. (AC +3)
You are immune to poison.
You resist negative energy. (rN+)
You are resistant to electric shocks. (rElec)
You are resistant to unholy torment.
You are immune to petrification.


   Skills:
 - Level 2.0 Fighting
 + Level 3.6 Ranged Weapons
 - Level 1.5 Dodging
 - Level 1.0 Spellcasting
 - Level 2.6 Hexes


You had 3 spell levels left.
You knew the following spells:

 Your Spells              Type           Power      Damage    Failure   Level
a - Slow                  Hex            28%        N/A       10%         1

Your spell library contained the following spells:

 Spells                   Type           Power      Damage    Failure   Level
 Inner Flame              Hex/Fire       4%         N/A       43%         3
 Portal Projectile        Hex/Tloc       8%         N/A       43%         3
 Cause Fear               Hex            3%         N/A       67%         4

Inventory:

Hand Weapons
 Y - a +2 sling (weapon)
Armour
 c - a +0 robe (worn)
Jewellery
 e - an amulet of the acrobat (around neck)
Scrolls
 j - a scroll of identify
Potions
 a - a potion of enlightenment {unknown}
 g - a potion of haste {unknown}
 h - a potion of cancellation {unknown}
 i - a potion of curing
 n - a potion of ambrosia {unknown}

Dungeon Overview and Level Annotations

Branches:
Dungeon (2/15)

Altars:

Shops:
D:1 :=

Annotations:
D:2 Terence


Message History

You start resting.
HP restored.
You now have 31 gold pieces (gained 11).
Found 4 boomerangs.
You see here 4 boomerangs.
Found a stone staircase leading down.
Terence the Incautious comes into view.
He is wielding a +6 flail of draining.
Found a scroll labelled VUNO QACOIFU.
You shoot a sling bullet. The sling bullet barely misses Terence.
You hear an angry hiss.
You shoot a sling bullet. The sling bullet hits Terence.
Terence is lightly wounded.
An adder comes into view.
You shoot a sling bullet.
The sling bullet barely misses the adder.
The adder bites you.
You shoot a sling bullet. The sling bullet misses the adder.
The adder bites you. x2
You shoot a sling bullet.
The sling bullet completely misses Terence.
The adder barely misses you.
Terence hits you with a +6 flail of draining.
The adder closely misses you.
You shoot a sling bullet.
The sling bullet closely misses Terence.
Terence hits you with a +6 flail of draining!
The adder bites you but does no damage. Terence barely misses you.
You shoot a sling bullet. The sling bullet barely misses Terence.
The adder closely misses you.
Terence hits you with a +6 flail of draining.
The adder barely misses you.
You shoot a sling bullet.
The sling bullet completely misses Terence.
The adder completely misses you. Terence barely misses you.
You shoot a sling bullet. The endoplasm quivers.
The sling bullet hits Terence but does no damage.
The adder bites you but does no damage.
Terence hits you with a +6 flail of draining.
You die...

#....... #.######
#.# ### #.# ?.. #.#
#.##>## #.#
##....?###.# #.#
.J....@S##.# #.#
#@##.# #.#
#.##.######.####
#.##.#.........#
#.##.#...#####.#
###.##.#...#### #
#....(........#
..................#
..................#
..###.#.####........
###


You could see Terence, an adder and an endoplasm.

Vanquished Creatures
  An adder (D:2)
  A worm (D:2)
  3 dart slugs (D:1)
  3 bats
  2 endoplasms (D:1)
  4 giant cockroaches (D:1)
  2 goblins (D:1)
  2 hobgoblins (D:1)
  2 quokkas (D:1)
  4 ball pythons (D:1)
  3 frilled lizards (D:1)
  A kobold (D:1)
  4 rats
32 creatures vanquished.

Notes
Turn   | Place    | Note
-------+----------+-------------------------------------------
     0 | D:1      | qw the Gargoyle Hexslinger began the quest for the Orb.
     0 | D:1      | Reached XP level 1. HP: 12/12 MP: 2/2
     0 | D:1      | 0 ||| qw: Version: 0.3-a-52-g30416fa
     0 | D:1      | 0 ||| qw: Game counter: 4648
     0 | D:1      | 0 ||| qw: Melee chars always use a shield: true
     0 | D:1      | 0 ||| qw: God list: Okawaru
     0 | D:1      | 0 ||| qw: Allow faded altars: false
     0 | D:1      | 0 ||| qw: Do Orc after clearing Dungeon:15 true
     0 | D:1      | 0 ||| qw: Do second Lair branch before Depths: true
     0 | D:1      | 0 ||| qw: Lair rune preference: random
     0 | D:1      | 0 ||| qw: Goals: Normal
     0 | D:1      | 0 ||| PLANNING D:1-11
    57 | D:1      | Found Goiduebb's Book Shoppe.
    85 | D:1      | Found Ocsip's Jewellery Shop.
    89 | D:1      | 89 ||| SHOPLISTING +4 ring of protection (504 gold, have
                  | 9).
    89 | D:1      | 89 ||| SHOPLISTING +6 ring of dexterity (504 gold, have 9).
    89 | D:1      | 89 ||| SHOPLISTING amulet of reflection (420 gold, have 9).
    89 | D:1      | 89 ||| SHOPLISTING ring of positive energy (280 gold, have
                  | 9).
    89 | D:1      | 89 ||| SHOPLISTING ring of protection from fire (350 gold,
                  | have 9).
    89 | D:1      | 89 ||| SHOPLISTING ring of resist corrosion (280 gold, have
                  | 9).
    89 | D:1      | 89 ||| SHOPLISTING ring of see invisible (210 gold, have
                  | 9).
   140 | D:1      | Reached XP level 2. HP: 16/16 MP: 3/3
   291 | D:1      | Reached skill level 3 in Ranged Weapons
   503 | D:1      | Reached XP level 3. HP: 16/21 MP: 4/4
   509 | D:1      | 509 ||| FLEEEEING.
   674 | D:1      | 674 ||| UPGRADING to amulet of the acrobat.
   679 | D:1      | 679 ||| READING scroll labelled SURUKY HUMIWU.
   694 | D:1      | 694 ||| READING scroll labelled CEONOJOROE.
   695 | D:1      | 695 ||| READING 2 scrolls labelled UGAYNLAORE.
   696 | D:1      | 696 ||| READING scroll labelled IRHUBR DAARR.
   697 | D:1      | 697 ||| READING scroll labelled BIFORI FUC.
   698 | D:1      | 698 ||| READING 2 scrolls labelled IMIGURGH JUUFO.
   699 | D:1      | 699 ||| READING scroll labelled COULLA UTSUNTO.
   704 | D:1      | 704 ||| DRINKING 2 blue potions.
   705 | D:1      | 705 ||| DROPPING scroll of poison.
   706 | D:1      | 706 ||| DROPPING scroll of fog.
   813 | D:2      | Noticed Terence
   820 | D:2      | HP: 3/21 [Terence/+6 flail of draining (6)]
   822 | D:2      | Slain by Terence

Levels and vault maps discovered:
D:1:      dpeg_arrival_round_a, layout_loops_ring, serial_shops, shop,
          nicolae_shop_rolling_square, minmay_stone_trees_small
D:2:      cheibrodos_greedy_goblins, layout_loops_ring,
          grunt_decor_mini_mirrors, uniq_terence

Skill      XL: |  1  2 |
---------------+-------+-----
Ranged Weapons | 3 |  3.6
Fighting       | 2 |  2.0
Dodging        | |  1.5
Spellcasting   | |  1.0
Hexes          | |  2.6

Action                     || total
---------------------------++-------
   Fire: Sling             ||   117
    Use: Scroll            ||     7
         Potion            ||     1
 Armour: Robe              ||    21
  Dodge: Dodged            ||    31

Table legend:
 A = Non-vault XP
 B = Vault XP
 C = Vault XP percentage of total XP
 D = Non-vault monster count
 E = Vault monster count
 F = Vault count percentage of total count
                 A         B        C        D         E       F
            +---------+---------+-------+---------+---------+-------
      Total |      70 |       0 |   0.0 |      32 |       0 |   0.0
            +---------+---------+-------+---------+---------+-------
        D:1 |      50 |       0 |   0.0 |      28 |       0 |   0.0
        D:2 |      20 |       0 |   0.0 |       4 |       0 |   0.0
            +---------+---------+-------+---------+---------+-------
